 Dungeon Crawl Stone Soup version 0.27-a0-1359-ga2a4dfd6fd (webtiles) character file.

Game seed: 9581561225486074786

64 ABBCCCDDDD the Skirmisher (level 3, 0/28 (32) HPs)
             Began as a Palentonga Fighter on June 28, 2021.
             Slain by a goblin (1 damage)
             ... led by Robin
             ... on level 2 of the Dungeon.
             The game lasted 00:02:18 (1268 turns).

ABBCCCDDDD the Skirmisher (Palentonga Fighter)      Turns: 1268, Time: 00:02:18

HP:   0/28 (32)     AC:  6    Str: 19    XL:     3   Next: 91%
MP:   3/3           EV:  5    Int:  8    God:
Gold: 41            SH:  8    Dex: 10    Spells: 2/2 levels left

rFire    . . .     SeeInvis +   a - +0 flail
rCold    . . .     Faith    .   c - +0 kite shield
rNeg     . . .     Spirit   .   b - +0 scale mail
rPois    .         Reflect  .   (no helmet)
rElec    .         Harm     .   (no cloak)
rCorr    .         Rampage  .   (no gloves)
Will     .....                  (no barding)
Stlth    ..........             (no amulet)
HPRegen  0.09/turn              (no ring)
MPRegen  0.08/turn              (no ring)

@: attractive, flying, hasted, heavily drained, very quick
A: large, rugged brown scales 3, see invisible, deformed body, roll 1, armoured
tail
a: Rolling Charge


You were on level 2 of the Dungeon.
You visited 1 branch of the dungeon, and saw 2 of its levels.

You collected 41 gold pieces.

Inventory:

Hand Weapons
 a - a +0 flail (weapon)
Armour
 b - a +0 scale mail (worn)
 c - a +0 kite shield (worn)
Scrolls
 f - a scroll of immolation {unknown}
 h - a scroll of acquirement {unknown}
 i - a scroll of identify {unknown}
Potions
 d - a potion of might


   Skills:
 + Level 4.0 Fighting
 + Level 3.3 Maces & Flails
 - Level 2.4 Armour
 - Level 2.4 Shields


You had 2 spell levels left.
You didn't know any spells.
Your spell library was empty.

Dungeon Overview and Level Annotations

Branches:
Dungeon (2/15)

Altars:

Annotations:
D:2 Robin


Innate Abilities, Weirdness & Mutations

You are completely covered in rugged brown scales. (AC +3, +7% HP)
You have supernaturally acute eyesight. (SInv)
Armour fits poorly on your strangely shaped body.
You can roll at nearby foes to attack.
You have a long armoured tail.


Message History

You block the goblin's attack.
The goblin hits you with a +3 dagger of draining.
You feel drained. You block the goblin's attack.
You hit the goblin.
The goblin is moderately wounded.
You block the goblin's attack. The goblin hits you but does no damage.
You feel drained. The hobgoblin hits you. The goblin barely misses you.
The goblin hits you with a +0 dagger.
You sock the goblin!
You kill the goblin!
You block the goblin's attack. x2; Robin throws the goblin at you!
The goblin barely misses you. The goblin completely misses you.
You block the goblin's attack.
You sock the goblin!
You kill the goblin!
The goblin barely misses you. The goblin hits you with a +0 club.
You block the goblin's attack. x2; Robin throws the goblin at you!
You are too injured to fight recklessly!
There are monsters nearby!
Okay, then.
Okay, then.
It was a potion of flight.
You feel very buoyant.
You fly up into the air.
You block the goblin's attack.
The hobgoblin hits you but does no damage.
You block the goblin's attack.
The goblin hits you with a +0 dagger. x2
The goblin hits you with a +0 club.
It was a potion of attraction.
You feel attractive to monsters. The goblin hits you but does no damage.
You feel drained. The hobgoblin hits you. You block the goblin's attack.
The goblin hits you but does no damage. The goblin hits you with a +0 dagger.
* * * LOW HITPOINT WARNING * * *
You block the hobgoblin's attack. You block Robin's attack.
The goblin hits you but does no damage.
It was a potion of haste.
You feel yourself speed up.
The goblin hits you with a +3 dagger of draining.
* * * LOW HITPOINT WARNING * * *
You feel drained.
You die...

#..........# #...#....
#.(.>......# ##.......#
#..........# #....#....
#..........####...>..##.
#.........###......#....
#...............########
#..........###### #
#.....ggg..# #
#.....g@g..#
#.....ggg..#
...........#
##........## .<.........
.....####### ..... .(...


You could see Robin, 2 hobgoblins and 5 goblins.

Vanquished Creatures
  An adder (D:2)
  A dart slug (D:2)
  A bat (D:1)
  7 endoplasms
  A giant cockroach (D:1)
  10 goblins
  6 hobgoblins
  5 jackals (D:2)
  2 quokkas (D:1)
  4 ball pythons
  A frilled lizard (D:2)
  3 kobolds (D:1)
  2 rats
44 creatures vanquished.

Notes
Turn   | Place    | Note
-------+----------+-------------------------------------------
     0 | D:1      | ABBCCCDDDD the Palentonga Fighter began the quest for the
                  | Orb.
     0 | D:1      | Reached XP level 1. HP: 19/19 MP: 1/1
   236 | D:1      | Reached XP level 2. HP: 20/25 MP: 2/2
   775 | D:2      | Reached XP level 3. HP: 31/31 MP: 3/3
  1258 | D:2      | Noticed Robin
  1261 | D:2      | Reached skill level 4 in Fighting
  1268 | D:2      | HP: 1/29 [goblin[Robin] (6)]
  1268 | D:2      | Slain by a goblin

Illustrated notes

Levels and vault maps discovered:
D:1:      dpeg_arrival_tiny_h, layout_rooms, chequers_mini_garden,
          serial_bayou_pond_e
D:2:      layout_rooms, uniq_robin, uniq_natasha, uniq_crazy_yiuf_cottage

Skill      XL: |  1  2  3 |
---------------+----------+-----
Maces & Flails | 3 |  3.3
Fighting       | 4 |  4.0
Armour         | |  2.4
Shields        | |  2.4

Action                   || total
-------------------------++-------
Melee: Flail             ||    97
       Tailslap          ||     7
  Use: Potion            ||     3
Armor: Scale mail        ||    55
Dodge: Dodged            ||    31
Block: Kite shield       ||    56

Table legend: (Time is in decaauts)
 A = Elapsed time spent in this place.
 B = Non-inter-level travel time spent in this place.
 C = Inter-level travel time spent in this place.
 D = Time resting spent in this place.
 E = Time spent auto-exploring this place.
 F = Levels seen in this place.
 G = Mean time per level.
                   A        B        C        D        E       F      G
               +--------+--------+--------+--------+--------+-----+--------+
         Total |   1314 |   1272 |     42 |      0 |   1020 |   2 |  657.0 |
       Dungeon |   1314 |   1272 |     42 |      0 |   1020 |   2 |  657.0 |
               +--------+--------+--------+--------+--------+-----+--------+

Top non-repeatable levels by time:
     D:1: 795 daAuts
     D:2: 519 daAuts
